 Dungeon Crawl Stone Soup version 0.30-b1-5-g8e6c1be481 (webtiles) character file.

Game seed: 8227738440563272569

374816 meatpath the Slayer (level 21, -3/222 HPs)
             Began as a Minotaur Berserker on May 4, 2023.
             Was the Champion of Trog.
             Splashed by a caustic shrike's acid (8 damage)
             ... on level 3 of the Depths.
             The game lasted 02:41:06 (56462 turns).

meatpath the Slayer (Minotaur Berserker)           Turns: 56462, Time: 02:41:07

Health: -3/222     AC: 27    Str: 28    XL:     21   Next: 77%
Magic:  20/20      EV: 16    Int:  9    God:    Trog [******]
Gold:   3646       SH:  9    Dex: 13    Spells: 20/20 levels left

rFire   + + .        m - +9 war axe "Wafiyda" {freeze, rPois}
rCold   + + .        W - +3 warlock's mirror {omnireflect}
rNeg    + . .        i - +5 plate armour
rPois   +            (helmet restricted)
rElec   .            a - +2 cloak {Will+}
rCorr   .            L - +0 pair of gloves
SInv    .            Z - +3 pair of mountain boots {steadfast, rC+}
Will    ++...        P - amulet of faith Stlth
                     l - ring of Fragile Peace {rF+ rC+ EV+5}
HPRegen 0.57/turn    U - ring "Moaleh" {rPois rF+ rN+ Int+3 Slay+3}
MPRegen 0.17/turn

%: reflection, faith
@: corroded, hasted, very quick
A: horns 2, retaliatory headbutt
}: 2/15 runes: serpentine, barnacled
a: Renounce Religion, Berserk, Trog's Hand, Brothers in Arms


You were on level 3 of the Depths.
You worshipped Trog.
Trog was exalted by your worship.
You visited 7 branches of the dungeon, and saw 38 of its levels.
You visited 1 ziggurat, and saw 3 of its levels.
You also visited: Trove and Ice Cave.

You collected 5015 gold pieces.
You spent 1369 gold pieces at shops.

Inventory:

Hand Weapons
 m - the +9 war axe "Wafiyda" (weapon) {freeze, rPois}
   (You found it on level 4 of the Shoals)

   rPois:     It protects you from poison.
 x - a +9 executioner's axe of chaos
 I - a +2 scimitar of flaming
Missiles
 v - 11 throwing nets (quivered)
Armour
 a - a +2 cloak of willpower (worn)
 i - a +5 plate armour (worn)
 H - +0 fire dragon scales
 L - a +0 pair of gloves (worn)
 M - the +0 pair of gloves of Mameg {rF+ rC- Int+2}
   (You found it on level 2 of the Shoals)

   Int:       It affects your intelligence (+2).
   rF:        It protects you from fire.
   rC:        It makes you vulnerable to cold.
 W - the +3 warlock's mirror (worn) {omnireflect}
   (You found it on level 2 of the Snake Pit)

   Omnireflect: It can block and reflect piercing ranged attacks and magical
   attacks against the wielder's willpower.
 Y - a +1 crystal plate armour of cold resistance
 Z - the +3 pair of mountain boots (worn) {steadfast, rC+}
   (You bought it in a shop on level 2 of the Orcish Mines)

   Steadfast: It prevents involuntary movement, except for blinking,
   teleportation, or banishment.
   rC:        It protects you from cold.
Jewellery
 b - an amulet of regeneration
 l - the ring of Fragile Peace (left hand) {rF+ rC+ EV+5}
   (You found it on level 4 of the Shoals)

   [ring of evasion]

   EV:        It affects your evasion (+5).
   rF:        It protects you from fire.
   rC:        It protects you from cold.
 C - a ring of resist corrosion
 P - an amulet of faith (around neck)
 S - a ring of protection from cold
 U - the ring "Moaleh" (right hand) {rPois rF+ rN+ Int+3 Slay+3}
   (You found it on level 2 of the Snake Pit)

   [ring of poison resistance]

   Int:       It affects your intelligence (+3).
   Slay:      It affects your accuracy & damage with ranged weapons and melee
   (+3).
   rF:        It protects you from fire.
   rPois:     It protects you from poison.
   rN:        It protects you from negative energy.
Wands
 s - a wand of mindburst (12)
 t - a wand of flame (75)
 z - a wand of digging (23)
 E - a wand of paralysis (31)
 J - a wand of roots (14)
 N - a wand of quicksilver (15)
Scrolls
 c - 9 scrolls of fear
 g - 16 scrolls of teleportation
 k - 6 scrolls of blinking
 n - 11 scrolls of poison
 q - 8 scrolls of enchant weapon
 r - 6 scrolls of magic mapping
 u - 14 scrolls of identify
 y - 2 scrolls of summoning
 A - 5 scrolls of fog
 D - 3 scrolls of enchant armour
 G - a scroll of brand weapon
 R - 7 scrolls of silence
Potions
 d - 2 potions of haste
 e - 8 potions of mutation
 f - 7 potions of cancellation
 h - 6 potions of berserk rage
 j - 9 potions of might
 o - 18 potions of curing
 p - 3 potions of flight
 w - 6 potions of invisibility
 B - 2 potions of resistance
 F - 11 potions of heal wounds
 O - a potion of ambrosia
 Q - 8 potions of attraction
Miscellaneous
 K - a phial of floods


   Skills:
 + Level 26.7 Fighting
 - Level 26.1 Axes
 + Level 20.7 Armour
 - Level 6.6 Dodging
 - Level 10.7 Shields
 - Level 12.0 Evocations


You had 20 spell levels left.
You didn't know any spells.
Your spell library was empty.

Dungeon Overview and Level Annotations

Branches:
Dungeon (15/15)            Temple (0/1) D:7            Lair (5/5) D:11
 Shoals (4/4) Lair:3        Snake (4/4) Lair:2        Slime (0/5) Lair:4
    Orc (2/2) D:11            Elf (0/3) Orc:2        Vaults (4/5) D:13
  Crypt (0/3) Vaults:3     Depths (4/4) D:15          IceCv (visited)
    Zot: Depths:4

Altars:
Ashenzari
Cheibriados
Dithmenos
Elyvilon
Fedhas
Kikubaaqudgha
Nemelex Xobeh
Qazlal
Ru
Uskayaw
Vehumet
Xom
Yredelemnul
The Shining One

Shops:
Orc:2 (([[   Shoals:3 *   Snake:4 ((*   Vaults:3 (:

Portals:
Hell: Depths:1 Depths:2 Depths:3
Abyss: Depths:3
Pandemonium: Depths:2

Annotations:
D:3 1 transporter
Lair:3 exclusion: 2 oklob plants


Innate Abilities, Weirdness & Mutations

You have a pair of horns on your head.
You reflexively headbutt those who attack you in melee.


Message History

You hit the caustic shrike. You freeze the caustic shrike.
The caustic shrike claws you!
* * * LOW HITPOINT WARNING * * *
You are splashed with acid!
* * * LOW HITPOINT WARNING * * *
The caustic shrike claws you but does no damage.
You feel yourself speed up. The caustic shrike barely misses you.
The caustic shrike completely misses you.
You furiously retaliate!
You headbutt the caustic shrike.
You block the caustic shrike's attack. x2
You slash the caustic shrike!
Your headbutt misses the caustic shrike.
The caustic shrike is moderately wounded.
You closely miss the caustic shrike. The caustic shrike closely misses you.
You furiously retaliate!
You headbutt the caustic shrike!
The caustic shrike claws you but does no damage.
You hit the caustic shrike.
The caustic shrike is moderately wounded.
You barely miss the caustic shrike. The caustic shrike claws you.
* * * LOW HITPOINT WARNING * * *
You are splashed with acid!
* * * LOW HITPOINT WARNING * * *
The caustic shrike claws you but does no damage.
You carve the caustic shrike like a turkey!!!
You freeze the caustic shrike.
Your headbutt misses the caustic shrike.
The caustic shrike is severely wounded.
You miss the caustic shrike.
The caustic shrike claws you but does no damage.
You block the caustic shrike's attack.
You barely miss the caustic shrike.
The caustic shrike is severely wounded.
You slice the caustic shrike!! The caustic shrike claws you!
* * * LOW HITPOINT WARNING * * *
The acid corrodes you!
You are splashed with acid!
* * * LOW HITPOINT WARNING * * *
The caustic shrike claws you!
* * * LOW HITPOINT WARNING * * *
You are splashed with acid!
You die...

.........####..####..#####..#####
.........# #..# #..# #..#
.........# #..# #..#####..#
.........# #..# #.........#
.........# #..# #.........#
.........# #..# #..#####..#
.........####..####..# #..#####
...............[[[...# #.......
...............b@b...# #.......
...).....####..####..# #..#####
.........# #..# #..# #..#
.......<.# #..# #..# #..#
.........####..####..# #..#
.....................#####..#####
.^.......................>.......
...............####..............
#######........# #..#####..#####


You could see 2 caustic shrikes.

Vanquished Creatures
  2 dread liches
  A juggernaut (Depths:3)
  Saint Roka (Vaults:1)
  3 caustic shrikes
  2 golden dragons
  A lich (Depths:2)
  A walking crystal tome (Depths:2)
  A searing wretch (Zig:1)
  2 titans
  A quicksilver dragon (Depths:3)
  A kraken (Shoals:2)
  Agnes (D:14)
  3 sphinxes
  3 shadow dragons
  2 storm dragons
  3 tengu reavers
  7 frost giants
  9 nagarajas
  5 fire giants
  A deep elf sorcerer (Vaults:2)
  Aizul (Snake:3)
  14 vault wardens
  An iron dragon (Vaults:2)
  2 orc warlords
  14 ironbound preservers
  7 stone giants
  A spriggan defender (Depths:3)
  9 very ugly things
  7 war gargoyles
  A quicksilver ooze (Zig:3)
  A reaper (IceCv)
  9 ironbound thunderhulks
  The ghost of Mangosteen the Severer, a journeyman MiBe of Trog (Lair:2)
  A black draconian (Depths:3)
  A vampire knight (Depths:3)
  A deep elf demonologist (Vaults:2)
  A red draconian (Depths:4)
  12 dire elephants
  9 spark wasps
  3 ettins
  5 merfolk javelineers (Shoals:4)
  10 merfolk impalers
  A crystal guardian (Vaults:4)
  A green death (Snake:2)
  10 fire dragons
  8 great orbs of eyes
  11 yaktaur captains
  3 rakshasas
  7 ice dragons
  An entropy weaver (Vaults:1)
  A hell beast (Depths:2)
  3 salamander tyrants
  6 peacekeepers
  5 vault guards
  10 ironbound frosthearts
  3 hydras
  A spriggan air mage (Depths:1)
  4 anacondas
  2 merfolk avatars
  2 alligator snapping turtles (Shoals:4)
  An ogre mage (D:13)
  A two-headed ogre (shapeshifter) (Depths:3)
  A death knight (D:14)
  2 merfolk aquamancers (Shoals:4)
  4 satyrs
  6 two-headed ogres
  12 naga warriors
  7 boulder beetles
  8 centaur warriors
  The ghost of sigtrap the Blocker, a novice GnFi of Ashenzari (D:10)
  7 deep troll shamans
  8 tengu warriors
  11 naga sharpshooters
  3 deep troll earth magi
  5 orc high priests (Orc:2)
  7 shock serpents
  6 spriggan berserkers
  A sun demon (Depths:2)
  A storm dragon zombie (Depths:2)
  4 iron trolls
  A titan skeleton (Depths:2)
  4 salamander mystics
  A fire crab (shapeshifter) (D:13)
  A death drake (Depths:3)
  4 skysharks
  3 skeletal warriors (D:13)
  10 sea snakes
  4 flayed ghosts
  25 deep trolls
  4 glowing orange brains
  9 wizards
  Pikel (D:6)
  13 lindwurms
  An obsidian statue (Zig:3)
  18 harpies
  13 orc knights
  6 naga ritualists
  21 ironbound convokers
  A wolf spider (D:14)
  3 mana vipers
  3 necromancers
  12 salamanders
  24 ugly things
  3 orc sorcerers
  A wolf spider (shapeshifter) (Depths:3)
  8 cyclopes
  18 manticores
  2 ice statues (IceCv)
  23 black mambas
  3 water nymphs
  19 vault sentinels
  2 guardian serpents
  6 merfolk sirens
  A smoke demon (Depths:2)
  A torpor snail (Lair:5)
  13 naga magi
  2 orange demons (Depths:2)
  An unseen horror (shapeshifter) (Depths:3)
  A gargoyle (D:14)
  An efreet (D:13)
  4 rime drakes
  29 yaktaurs
  2 freezing wraiths
  11 cane toads
  9 komodo dragons
  Psyche (D:8)
  An anaconda simulacrum (IceCv)
  3 tengu conjurers
  8 ice devils
  19 merfolk
  A meliai (D:14)
  7 polar bears
  A wind drake (shapeshifter) (D:15)
  3 hornets
  4 wind drakes (Lair:5)
  10 trolls
  A hornet (shapeshifter) (Lair:5)
  A tarantella (Vaults:1)
  9 snapping turtles
  17 blink frogs
  7 dream sheep
  A fire giant simulacrum (Depths:2)
  31 slime creatures
  3 spriggans
  11 water elementals
  A spriggan (shapeshifter) (D:14)
  A vampire (D:12)
  2 wraiths
  20 yaks
  7 basilisks
  8 wyverns
  4 steam dragons
  A redback (Vaults:1)
  Menkaure (D:6)
  5 wargs
  7 vampire mosquitoes
  A death yak simulacrum (IceCv)
  2 acid dragons
  61 nagas
  A hydra simulacrum (IceCv)
  13 water moccasins
  Duvessa (D:5)
  2 floating eyes
  51 orc warriors
  5 black bears
  2 sky beasts
  5 boggarts (Vaults:1)
  11 ogres
  22 wolves
  3 centaurs
  A phantom (D:5)
  8 kobold brigands
  13 bullfrogs
  5 gnoll sergeants
  2 necrophages (D:7)
  A two-headed ogre simulacrum (IceCv)
  6 scorpions
  A wyvern zombie (D:7)
  Dowan (D:5)
  2 wights (D:7)
  16 killer bees
  9 howler monkeys
  2 electric eels
  A bullfrog zombie (D:7)
  3 jellies
  2 gnoll boudas
  4 hounds
  A human zombie (D:7)
  21 orc priests
  4 iguanas
  Natasha (twice) (D:3)
  14 orc wizards
  A sleepcap (D:5)
  5 troll simulacra (IceCv)
  3 killer bee zombies (D:7)
  2 spriggan simulacra (IceCv)
  5 wolf simulacra (IceCv)
  2 howler monkey zombies (D:7)
  28 gnolls
  4 naga simulacra (IceCv)
  5 adders
  2 shadow imps
  2 white imps
  2 ufetubi
  A worm (D:4)
  2 dart slugs
  73 orcs
  9 ball pythons
  6 endoplasms
  A giant cockroach (D:4)
  2 goblins (D:1)
  7 hobgoblins
  6 jackals
  5 quokkas
  5 bats
  2 frilled lizards (D:2)
  22 kobolds
  4 rats
  3 tentacles (Shoals:2)
1382 creatures vanquished.

Vanquished Creatures (collateral kills)
  The ghost of Anosyof the Impaler, an adept CeHu of Okawaru (Vaults:4)
  A shadow dragon (Vaults:4)
2 creatures vanquished.

Vanquished Creatures (others)
  Nikola (Shoals:2)
  A great orb of eyes (Vaults:3)
  A titan skeleton (Depths:2)
  A merfolk siren (Shoals:4)
  A black mamba (Lair:4)
  A merfolk (Shoals:4)
  A wind drake (Shoals:4)
  2 bushes (Shoals:3)
  38 fungi
  88 plants
  17 tentacles
  2 withered plants (D:10)
154 creatures vanquished.

Grand Total: 1538 creatures vanquished

Notes
Turn   | Place    | Note
-------+----------+-------------------------------------------
     0 | D:1      | meatpath the Minotaur Berserker began the quest for the
                  | Orb.
     0 | D:1      | Reached XP level 1. HP: 19/19 MP: 0/0
   109 | D:1      | Reached XP level 2. HP: 19/27 MP: 1/1
  1294 | D:2      | Reached XP level 3. HP: 29/33 MP: 2/2
  1983 | D:3      | Found a sparkling altar of Nemelex Xobeh.
  1983 | D:3      | Found a transporter.
  1983 | D:3      | Noticed an ogre
  2075 | D:3      | Found a large runed translucent door.
  2075 | D:3      | Found a large runed translucent door.
  2111 | D:3      | Reached ** piety under Trog
  2273 | D:3      | Noticed Natasha
  2283 | D:3      | Killed Natasha
  2284 | D:3      | Reached XP level 4. HP: 39/41 MP: 3/3
  2396 | D:3      | Found a stormy altar of Qazlal.
  2403 | D:3      | Found an ancient bone altar of Kikubaaqudgha.
  2544 | D:4      | Reached XP level 5. HP: 44/47 MP: 4/4
  2568 | D:4      | Reached skill level 5 in Fighting
  2582 | D:4      | Reached skill level 5 in Axes
  2695 | D:4      | Reached XP level 6. HP: 33/56 MP: 5/5
  3090 | D:4      | Noticed a sky beast
  3103 | D:4      | Killed a sky beast
  3104 | D:4      | Reached skill level 5 in Armour
  3285 | D:4      | Found a snail-covered altar of Cheibriados.
  3394 | D:5      | Entered Level 5 of the Dungeon
  3419 | D:5      | Reached XP level 7. HP: 63/63 MP: 6/6
  3444 | D:5      | Reached *** piety under Trog
  3644 | D:5      | Noticed Dowan
  3659 | D:5      | Killed Dowan
  3668 | D:5      | Noticed Duvessa
  3676 | D:5      | Killed Duvessa
  3677 | D:5      | Reached XP level 8. HP: 65/73 MP: 7/7
  3958 | D:5      | Found a white marble altar of Elyvilon.
  3959 | D:5      | Found a radiant altar of Vehumet.
  4202 | D:5      | Found a hide-covered altar of Uskayaw.
  4345 | D:3      | Noticed Natasha
  4348 | D:3      | Killed Natasha
  4701 | D:6      | Noticed Pikel
  4712 | D:6      | Killed Pikel
  4887 | D:6      | Noticed a two-headed ogre
  4899 | D:6      | Killed a two-headed ogre
  4900 | D:6      | Reached XP level 9. HP: 84/84 MP: 8/8
  4963 | D:6      | Noticed Menkaure
  4990 | D:6      | Killed Menkaure
  5294 | D:6      | Reached skill level 10 in Fighting
  5308 | D:6      | Reached skill level 10 in Axes
  5398 | D:7      | Found a staircase to the Ecumenical Temple.
  5679 | D:7      | Noticed a troll
  5688 | D:7      | Killed a troll
  5906 | D:7      | You fall into a shaft and drop 2 floors!
  6057 | D:8      | Reached skill level 10 in Armour
  6124 | D:8      | Noticed Psyche
  6132 | D:8      | Killed Psyche
  6133 | D:8      | Reached XP level 10. HP: 89/94 MP: 9/9
  6263 | D:7      | Reached **** piety under Trog
  6264 | D:7      | Found a basalt altar of Yredelemnul.
  7582 | D:9      | Noticed a two-headed ogre
  7591 | D:9      | Killed a two-headed ogre
  7887 | D:9      | Found a glowing golden altar of the Shining One.
  7988 | D:10     | Entered Level 10 of the Dungeon
  8137 | D:10     | Found a broken altar of Ashenzari.
  8141 | D:10     | Found a shadowy altar of Dithmenos.
  8141 | D:10     | Noticed a two-headed ogre
  8157 | D:10     | Killed a two-headed ogre
  8327 | D:10     | Reached XP level 11. HP: 93/104 MP: 10/10
  9034 | D:10     | Found a runed translucent door.
  9035 | D:10     | Noticed sigtrap's ghost (novice GnFi)
  9067 | D:10     | Killed sigtrap's ghost
  9370 | D:11     | Noticed a boulder beetle
  9391 | D:11     | Killed a boulder beetle
  9630 | D:11     | Found a staircase to the Lair.
  9747 | D:11     | Found a staircase to the Orcish Mines.
 10134 | D:11     | Reached ***** piety under Trog
 10450 | D:12     | Identified the +1 rapier "Worm's Wrath" {antimagic, Will+
                  | rCorr}
 11040 | D:13     | Noticed a two-headed ogre
 11057 | D:13     | Killed a two-headed ogre
 11058 | D:13     | Reached XP level 12. HP: 78/117 MP: 11/11
 12032 | D:13     | Found a gate to the Vaults.
 12052 | D:13     | Noticed an ogre mage
 12062 | D:13     | Killed an ogre mage
 12064 | D:13     | Noticed a two-headed ogre
 12073 | D:13     | Killed a two-headed ogre
 12074 | D:13     | Reached skill level 15 in Fighting
 12074 | D:13     | Reached skill level 15 in Axes
 12500 | Lair:1   | Entered Level 1 of the Lair of Beasts
 12751 | Lair:1   | Identified the +4 sling of Sloth {antimagic, Str+2 SInv}
 12836 | Lair:1   | HP: 6/121 [poisoned by a black mamba]
 12841 | Lair:1   | HP: 3/121 [poisoned by a black mamba]
 12952 | Lair:1   | Reached skill level 15 in Armour
 12976 | Lair:1   | Identified the +8 long sword of Ykiuhyc {freeze, Fragile
                  | Will+ SInv}
 13766 | Lair:2   | Reached XP level 13. HP: 127/127 MP: 12/12
 14020 | Lair:2   | Found a large runed translucent door.
 14020 | Lair:2   | Found a large runed translucent door.
 14023 | Lair:2   | Noticed Mangosteen's ghost (journeyman MiBe)
 14092 | Lair:2   | Found a staircase to the Snake Pit.
 14111 | Lair:2   | Received a gift from Trog
 14461 | Lair:2   | Killed Mangosteen's ghost
 14787 | Lair:3   | Paralysed by a floating eye for 4 turns
 15411 | Lair:3   | Found a staircase to the Shoals.
 15735 | Lair:4   | Found a runed translucent door.
 15740 | Lair:4   | Found a staircase to the Slime Pits.
 17116 | Lair:5   | Entered Level 5 of the Lair of Beasts
 17140 | Lair:4   | Received a gift from Trog
 17543 | Lair:5   | Reached XP level 14. HP: 118/140 MP: 13/13
 18495 | D:14     | Identified the +5 short sword of Youthful Indiscretion
                  | {heavy, rElec Str+4}
 19282 | D:14     | Noticed Agnes
 19301 | D:14     | Killed Agnes
 19318 | D:14     | HP: 7/141 [purple ugly thing (6)]
 19643 | D:15     | Entered Level 15 of the Dungeon
 19824 | D:15     | Found a portal to a secret trove of treasure.
 19836 | Trove    | Entered a treasure trove
 20588 | D:15     | Found a staircase to the Depths.
 20588 | D:15     | Noticed a frost giant
 20595 | D:15     | Killed a frost giant
 20936 | Shoals:1 | Entered Level 1 of the Shoals
 20951 | Shoals:1 | Noticed a kraken
 21493 | Shoals:1 | You fall into a shaft and drop 1 floor!
 21497 | Shoals:2 | Reached * piety under Trog
 21653 | Shoals:1 | Identified the +12 whip of Greed {pain, Drain rF+++ rC+
                  | rN++}
 22032 | Shoals:2 | Reached XP level 15. HP: 147/150 MP: 14/14
 22078 | Shoals:2 | Reached XP level 16. HP: 123/159 MP: 15/15
 22328 | Shoals:2 | Identified the +0 pair of gloves of Mameg {rF+ rC- Int+2}
 22328 | Shoals:2 | Noticed Nikola
 22342 | Shoals:2 | Killed Nikola
 22707 | Shoals:2 | Noticed a kraken
 22733 | Shoals:2 | Killed a kraken
 23439 | Shoals:3 | HP: 3/160 [water nymph/the raging water (26)]
 23886 | Shoals:3 | Found Huvvi's General Store.
 24032 | Shoals:3 | Bought 2 scrolls of enchant armour for 180 gold pieces
 24032 | Shoals:3 | Bought a scroll of silence for 114 gold pieces
 24032 | Shoals:3 | Bought a potion of might for 48 gold pieces
 24530 | Shoals:4 | Entered Level 4 of the Shoals
 24774 | Shoals:4 | Identified the ring of Fragile Peace {rF+ rC+ EV+5}
 25132 | Shoals:4 | Identified the +5 ring mail of the Wilderness {Harm rElec
                  | Int+4}
 25331 | Shoals:4 | Identified the +9 war axe "Wafiyda" {freeze, rPois}
 25908 | Shoals:4 | Identified the staff of death "Umeo" {rElec rC+ rN+ Str+6
                  | Int+2}
 27508 | Shoals:4 | Got a barnacled rune of Zot
 27750 | Shoals:3 | Bought a potion of curing for 36 gold pieces
 27750 | Shoals:3 | Bought a +2 cloak of willpower for 258 gold pieces
 27750 | Shoals:3 | Bought 3 potions of curing for 108 gold pieces
 27893 | Snake:1  | Entered Level 1 of the Snake Pit
 28629 | Snake:2  | Reached XP level 17. HP: 136/170 MP: 16/16
 28631 | Snake:2  | Reached skill level 1 in Evocations
 29002 | Snake:2  | Found a transporter.
 29363 | Snake:2  | Found a transporter.
 29370 | Snake:2  | Identified the ring "Moaleh" {rPois rF+ rN+ Int+3 Slay+3}
 29380 | Snake:2  | Identified the amulet "Cisull" {RegenMP rPois}
 29488 | Snake:2  | Identified the +10 sling of the Coin {drain, rPois Will+
                  | Int-2}
 30092 | Snake:2  | Found the +3 warlock's mirror {omnireflect}
 30785 | Snake:3  | Reached skill level 1 in Shields
 31178 | Snake:3  | Noticed Aizul
 31503 | Snake:3  | Received a gift from Trog
 31538 | Snake:3  | Killed Aizul
 32472 | Snake:4  | Entered Level 4 of the Snake Pit
 32651 | Snake:4  | Found Uzuiqer's General Store.
 32653 | Snake:4  | Found Heidau Cahe's Weapon Emporium.
 32656 | Snake:4  | Found Cuppaopo's Weapon Shoppe.
 32669 | Snake:4  | Bought a potion of haste for 120 gold pieces
 32669 | Snake:4  | Bought a potion of curing for 36 gold pieces
 32840 | Snake:4  | Found Utiluc's Antique Armour Shoppe.
 33349 | Snake:4  | Reached skill level 5 in Shields
 34113 | Snake:4  | Identified the +1 battleaxe of Goper {heavy, rF+ rC+ Str-5
                  | Stlth+} (Trog gifted it to you on level 4 of the Snake Pit)
 34113 | Snake:4  | Received a gift from Trog
 35455 | Snake:4  | Got a serpentine rune of Zot
 36054 | Orc:1    | Entered Level 1 of the Orcish Mines
 36110 | Orc:1    | Reached XP level 18. HP: 177/183 MP: 17/17
 36110 | Orc:1    | Paralysed by an orc sorcerer for 3 turns
 36291 | Orc:1    | Reached ****** piety under Trog
 36320 | Orc:1    | Found a frozen archway.
 36329 | IceCv    | Entered an ice cave
 36380 | IceCv    | Received a gift from Trog
 37410 | Orc:2    | Entered Level 2 of the Orcish Mines
 37552 | Orc:2    | Found a staircase to the Elven Halls.
 37879 | Orc:2    | Received a gift from Trog
 38414 | Orc:2    | Found Omeag's Armour Shoppe.
 38414 | Orc:2    | Found Qakkoj's Armour Shoppe.
 38415 | Orc:2    | Found Byon's Weapon Shoppe.
 38415 | Orc:2    | Found Bolabeeh's Weapon Emporium.
 38433 | Orc:2    | Bought the +3 pair of mountain boots {steadfast, rC+} for
                  | 469 gold pieces
 38433 | Orc:2    | Found the +3 pair of mountain boots {steadfast, rC+}
 39325 | Vaults:1 | Entered Level 1 of the Vaults
 39388 | Vaults:1 | Received a gift from Trog
 39518 | Vaults:1 | Noticed Saint Roka
 39562 | Vaults:1 | Killed Saint Roka
 40149 | Vaults:1 | Reached skill level 10 in Shields
 40271 | Vaults:1 | Received a gift from Trog
 40401 | Vaults:1 | Identified a scroll of acquirement
 40407 | Vaults:1 | Acquired 660 gold pieces
 41580 | Vaults:2 | Received a gift from Trog
 42371 | Vaults:2 | Reached XP level 19. HP: 181/195 MP: 18/18
 42428 | Vaults:2 | Reached skill level 5 in Evocations
 43295 | Vaults:2 | Received a gift from Trog
 44131 | Vaults:2 | Found the +5 glaive of the Guard {elec, spectral, AC+5}
 44479 | Vaults:3 | Received a gift from Trog
 45506 | Vaults:3 | Found Rufomn's Book Boutique.
 45770 | Vaults:3 | Found Oxki's Antique Weapon Shoppe.
 46036 | Vaults:3 | Identified the +7 great sword "Eviscerator" {heavy, *Slow
                  | Fly rF+++ Str-4}
 46108 | Vaults:3 | Found a staircase to the Crypt.
 46108 | Vaults:3 | Found an ancient bone altar of Kikubaaqudgha.
 46108 | Vaults:3 | Found a basalt altar of Yredelemnul.
 46111 | Vaults:3 | Received a gift from Trog
 46670 | Vaults:3 | Paralysed by a great orb of eyes for 2 turns
 46893 | Vaults:4 | Reached XP level 20. HP: 105/207 MP: 19/19
 47290 | Vaults:4 | Identified the +8 chain mail "Git Toaf" {rPois}
 47482 | Vaults:4 | Identified the +5 mace "Gyiwk" {venom, rF+ rC++}
 47550 | Vaults:4 | Received a gift from Trog
 47957 | Vaults:4 | Identified the +2 leather armour "Galuaps" {Fly rElec rF+
                  | Dex-3 Slay+2}
 48148 | Vaults:4 | Noticed a dread lich
 48164 | Vaults:4 | Killed a dread lich
 48367 | Vaults:4 | Found a transporter.
 48370 | Vaults:4 | Noticed Anosyof's ghost (adept CeHu)
 48372 | Vaults:4 | Noticed a golden dragon
 48376 | Vaults:4 | Found a transporter.
 48425 | Vaults:4 | Killed a golden dragon
 48433 | Vaults:4 | Killed Anosyof's ghost
 48433 | Vaults:4 | Received a gift from Trog
 48691 | Vaults:4 | Identified the +1 ring mail of the Everdark {rC+}
 49083 | Depths:1 | Entered Level 1 of the Depths
 49083 | Depths:1 | Found a gateway to Hell.
 49096 | Depths:1 | Reached skill level 10 in Evocations
 50118 | Depths:1 | Found an ancient bone altar of Kikubaaqudgha.
 50874 | Depths:1 | Found a sacrificial altar of Ru.
 50874 | Depths:1 | Found a glowing golden altar of the Shining One.
 50876 | Depths:1 | Found a broken altar of Ashenzari.
 50876 | Depths:1 | Found a blossoming altar of Fedhas.
 50876 | Depths:1 | Found a shimmering altar of Xom.
 51204 | Depths:2 | Received a gift from Trog
 51630 | Depths:2 | Reached XP level 21. HP: 184/218 MP: 20/20
 52196 | Depths:2 | Noticed a caustic shrike
 52204 | Depths:2 | Killed a caustic shrike
 52345 | Depths:2 | Received a gift from Trog
 52364 | Depths:2 | Found a one-way gateway to a ziggurat.
 52474 | Depths:2 | Found a one-way gate leading to the halls of Pandemonium.
 53178 | Zig:1    | Entered Level 1 of a ziggurat
 53276 | Zig:2    | Entered Level 2 of a ziggurat
 53340 | Zig:3    | Entered Level 3 of a ziggurat
 54539 | Depths:3 | Noticed a juggernaut
 54559 | Depths:3 | Killed a juggernaut
 54624 | Depths:3 | Noticed a dread lich
 54624 | Depths:3 | Noticed a caustic shrike
 54624 | Depths:3 | Noticed a golden dragon
 54645 | Depths:3 | Killed a dread lich
 54713 | Depths:3 | Killed a caustic shrike
 54741 | Depths:3 | Killed a golden dragon
 54858 | Depths:3 | Identified the staff of conjuration "Cikamy" {rElec rC+
                  | Int+3}
 54861 | Depths:3 | Identified the +5 spear "Minotaur's Peril" {pain, Fragile
                  | rF+ rC+ Dex+4}
 55007 | Depths:3 | Received a gift from Trog
 55338 | Depths:3 | Found a one-way gate to the infinite horrors of the Abyss.
 55531 | Depths:4 | Entered Level 4 of the Depths
 56229 | Depths:4 | Noticed a caustic shrike
 56230 | Depths:4 | Noticed a caustic shrike
 56230 | Depths:4 | Noticed a caustic shrike
 56230 | Depths:4 | Noticed a caustic shrike
 56234 | Depths:4 | Noticed a caustic shrike
 56241 | Depths:3 | Killed a caustic shrike
 56462 | Depths:3 | HP: 5/222 [caustic shrike (10)]
 56462 | Depths:3 | Splashed by a caustic shrike's acid

Illustrated notes

Levels and vault maps discovered:
D:1:      lightli_arrival_statue_moat, layout_basic, minmay_tree_intersection,
          minmay_misc_feat_rows, corexii_leaking_fountain
D:2:      layout_basic
D:3:      layout_rooms, grunt_nemelex_the_gamble, jmf_multi_god_temple2,
          kennysheep_generic_room_10, uniq_natasha
D:4:      layout_basic, chei_slow_surprise
D:5:      kb_forest_paths, layout_basic, eat_drink_and_be_merry_uskayaw,
          gammafunk_temple_overflow_pools, uniq_duvessa
D:6:      layout_rooms, minmay_strange_pillars, uniq_menkaure, uniq_pikel
D:7:      layout_basic, lemuel_mausoleum_altar_yredelemnul,
          minmay_temple_entry_mist, minivault_14,
          nicolae_elevator_lobby_asterisk
D:8:      layout_basic, minmay_misc_feat_roman, uniq_psyche
D:9:      layout_basic, nicolae_tso_carved_into_rock, dreamdust_wishing_well
D:10:     layout_basic, mainiacjoe_overflow_catwalk_spiral,
          gammafunk_ghost_grave, fungi_pond_lemuel
D:11:     layout_gridville, grunt_lair_entry_orc_guard_hut,
          kennysheep_orc_monster_closet_entryway, lemuel_nasty_fountain
D:12:     layout_long_grid, due_unseen_surprise
D:13:     layout_grid_maze, david_vaults_2
D:14:     layout_irregular_city, minmay_fractal_squares_gapless_7, uniq_agnes
D:15:     grunt_enter_depths_snipers, layout_loops_cross,
          nicolae_trove_entry_crossroad, minivault_24
Lair:1:   layout_cave_pods, grunt_megastairs_2
Lair:2:   layout_long_grid, guppyfry_snake_entry_garden,
          ebering_ghost_disaster_area
Lair:3:   layout_layer_cave, minmay_shoals_entry_hut, disabler_island
Lair:4:   layout_layer_cave, slime_entry_2, grunt_forest_stairs_clearing
Lair:5:   gammafunk_lair_ancient_temple, layout_misc_corridors,
          infiniplex_staircase_pool
Shoals:1: layout_shoals
Shoals:2: layout_shoals, uniq_nikola
Shoals:3: argonaut_golden_fleece, layout_shoals, serial_shops, shop
Shoals:4: shoals_end_simple, layout_shoals, nicolae_shoals_mertower
Snake:1:  layout_basic, nicolae_snake_linked_coils
Snake:2:  gammafunk_its_a_trap, layout_layer_cave, hangedman_snake_pattern
Snake:3:  layout_chambers, st_stairs_8, nicolae_fountain_basement, uniq_aizul
Snake:4:  minmay_snake_end_coiled, layout_misc_corridors, serial_shops,
          shop_fountains, minmay_shop_star
Orc:1:    layout_diamond_mine, portal_ice_cave_rime, guppyfry_library_mini
Orc:2:    st_orc_pillars, layout_caves
Vaults:1: nicolae_vaults_shrinking_rooms_2, hangedman_vaults_river_flow,
          v_misc_15, nicolae_vaults_offset_grid_hallway_4, nicolae_vaults_theta,
          nicolae_vaults_triangles, nicolae_vaults_trapezoid_3,
          nicolae_vaults_what_the_h, special_room_vaults [special_room_orc],
          v_pattern_1, nicolae_vaults_surprise_closet,
          nicolae_vaults_oval_intersection, layout_vaults_ring, uniq_saint_roka
Vaults:2: v_rooms_3, minmay_guarded_unrand_guard_vaults, v_misc_10,
          nicolae_vaults_double_plus_1, ontoclasm_vaults_misaligned,
          vaults_room_grid, nicolae_vaults_offset_grid_hallway_3,
          hangedman_vaults_nails, nicolae_vaults_storage_room_statues,
          v_misc_25, v_misc_26, nicolae_vaults_border_crossing,
          layout_vaults_omnigrid, serial_glass
Vaults:3: nicolae_vaults_network_quincunx
          [nicolae_vaults_network_quincunx_subvault,
          nicolae_vaults_network_quincunx_subvault,
          nicolae_vaults_network_quincunx_subvault,
          nicolae_vaults_network_quincunx_subvault,
          nicolae_vaults_network_quincunx_subvault], hangedman_vaults_capsules,
          vaults_mumra_minichess_inversion, nicolae_vaults_storage_closets_1,
          v_rooms_5, nicolae_vaults_closet_pinwheel_6,
          minmay_crypt_entry_necro_gods, st_spiral_rooms,
          nicolae_vaults_diamond_2, layout_vaults_omnicross, serial_shops, shop,
          shop
Vaults:4: gammafunk_ghost_arena, nicolae_vaults_shock_wave,
          ontoclasm_vaults_chip, nicolae_vaults_prndl, v_misc_30,
          nicolae_vaults_closet_pinwheel_3, v_misc_3, grunt_vaults_hallway_long,
          hangedman_vaults_hat, v_rooms_6, nicolae_vaults_diamond_2,
          layout_vaults_omnibox
Depths:1: layout_gridlike, chequers_serial_rivers_room_b,
          hangedman_coc_ice_floe, doesnt_xom_only_xom
Depths:2: wad_courtyard, layout_basic, enter_ziggurat_a, skrybe_limestone_x,
          hangedman_geh_valley, rand_demon_pan_entry_7
Depths:3: evilmike_pillar_path, layout_small_grid,
          abyss_entry_small_statue_room, hell_entry
Depths:4: lemuel_castle_with_subvaults [lemuel_castle_interior_original],
          layout_cave_pools, chequers_decorated_corner,
          nicolae_hell_entry_big_baal_hell, st_stairs_14

Skill      XL: |  1  2  3  4  5  6  7  8  9 10 11 12 13 14 15 16 17 18 19 20 21 |
---------------+----------------------------------------------------------------+-----
Fighting       | 4 5 6 7 9 10 12 14 15 17 18 20 21 23 24 25 26 | 26.7
Axes           | 4 5 6 7 9 10 12 14 15 17 18 20 21 23 24 25 26 | 26.1
Armour         | 3 4 5 6 8 10 11 13 15 16 18 20 | 20.7
Dodging        | 6 |  6.6
Evocations     | 3 4 8 11 12 | 12.0
Shields        | 7 10 | 10.7

Action                     |  1- 3 |  4- 6 |  7- 9 | 10-12 | 13-15 | 16-18 | 19-21 || total
---------------------------+-------+-------+-------+-------+-------+-------+-------++-------
  Melee: Hand axe          |   125 |    93 |   146 |   245 |       |       |       ||   609
         Headbutt          |    15 |    10 |    34 |   113 |   110 |   380 |   387 ||  1049
         Punch             |       |     1 |       |     1 |       |       |       ||     2
         Battleaxe         |       |       |       |   319 |    29 |       |       ||   348
         Executioner's axe |       |       |       |       |   469 |   325 |       ||   794
         Scimitar          |       |       |       |       |    19 |       |       ||    19
         War axe           |       |       |       |       |       |  1108 |  1268 ||  2376
 Invoke: Berserk           |       |     1 |     8 |     7 |     4 |     2 |     1 ||    23
         Trog's Hand       |       |       |       |       |       |     1 |     3 ||     4
         Brothers in Arms  |       |       |       |       |       |       |     2 ||     2
    Use: Scroll            |     4 |     2 |     4 |    13 |    13 |    10 |     7 ||    53
         Potion            |       |       |       |     4 |     4 |     6 |     4 ||    18
   Stab: Confused          |       |       |       |       |       |     1 |       ||     1
         Paralysed         |       |       |       |       |       |     1 |       ||     1
         Distracted        |       |       |       |       |       |     1 |       ||     1
 Armour: Animal skin       |    11 |       |       |       |       |       |       ||    11
         Plate armour      |    50 |    48 |   104 |   326 |   383 |   689 |   545 ||  2145
  Dodge: Dodged            |    71 |    21 |    58 |   345 |   428 |   701 |   534 ||  2158
  Block: Buckler           |       |       |       |       |       |   319 |   494 ||   813
         Reflection        |       |       |       |       |       |    66 |    59 ||   125
